 Dungeon Crawl Stone Soup version 0.16-a0-3291-g9854cb9 (webtiles) character file.

30016 Minkie the Bludgeoner (level 13, -35/111 HPs)
             Began as a Minotaur Fighter on Dec 24, 2014.
             Was the Champion of Makhleb.
             Killed from afar by a frost giant (58 damage)
             ... with a bolt of cold
             ... in an ice cave.
             The game lasted 01:06:35 (14426 turns).

Minkie the Bludgeoner (Minotaur Fighter)           Turns: 14426, Time: 01:06:35

Health: -35/111    AC: 18    Str: 23    XL:     13   Next: 18%
Magic:  10/10      EV: 11    Int:  8    God:    Makhleb [******]
Gold:   967        SH: 17    Dex: 20    Spells: 0 memorised, 12 levels left

rFire  . . .     SeeInvis .     A - +2 flail (drain)
rCold  . . .     Clarity  .     y - +0 plate armour
rNeg   . . .     SustAb   .     Q - +2 shield
rPois  +         Gourm    .     (helmet restricted)
rElec  .         Spirit   .     k - +0 cloak
rCorr  .         Warding  .     b - +1 pair of gloves
rMut   +         Stasis   .     (no boots)
MR     .....                    h - amulet of resist mutation
Stlth  ..........               w - ring of poison resistance
                                H - +4 ring of dexterity

@: not resistant to hostile enchantments, extremely unstealthy
A: retaliatory headbutt, horns 2, agile 1, clever 1, screaming 1, spit poison 1,
strong 1
a: Spit Poison, Minor Destruction, Lesser Servant of Makhleb, Major Destruction,
Greater Servant of Makhleb, Renounce Religion


You were in an ice cave.
You worshipped Makhleb.
Makhleb was exalted by your worship.
You were not hungry.

You visited 2 branches of the dungeon, and saw 16 of its levels.
You also visited: Labyrinth and Ice Cave.

You collected 967 gold pieces.

Inventory:

Hand weapons
 c - the +4 spear "Woum" {venom, rF- MR+, unknown}
   (You found it in an ice cave)

   It poisons the flesh of those it strikes.
   It makes you vulnerable to fire.
   It affects your resistance to hostile enchantments.
 A - a +2 flail of draining (weapon)
Armour
 b - a +1 pair of gloves (worn)
 k - a +0 cloak (worn)
 y - a +0 plate armour (worn)
 Q - a +2 shield (worn)
Rods
 L - a +4 rod of inaccuracy (9/9)
   (You found it in a labyrinth)
Jewellery
 h - an amulet of resist mutation (around neck)
 l - a +2 ring of strength
 w - a ring of poison resistance (right hand)
 H - a +4 ring of dexterity (left hand)
 N - a +3 ring of intelligence
Magical devices
 e - a wand of hasting (3)
 r - a wand of magic darts (24)
 z - a wand of disintegration (13)
 E - a wand of heal wounds (7)
Scrolls
 f - 10 scrolls of remove curse
 o - a scroll of fear
 p - 9 scrolls of teleportation
 v - 4 scrolls of enchant armour
 x - 3 scrolls of recharging
 C - a scroll of fog
 K - a scroll of amnesia
 S - a scroll of magic mapping
Potions
 i - 2 potions of agility
 m - a potion of invisibility {unknown}
 n - a potion of restore abilities
 q - 2 potions of cure mutation
 u - 8 potions of curing
 P - 2 potions of magic
Comestibles
 a - 9 chunks of flesh
 d - 13 bread rations
 g - 10 meat rations
 j - 4 beef jerkies
 s - 9 slices of pizza


   Skills:
 - Level 9.0 Fighting
 - Level 16.0 Maces & Flails
 - Level 10.0 Armour
 + Level 5.7 Dodging
 - Level 15.0 Shields
 * Level 2.6 Invocations
 * Level 2.6 Evocations


You had 12 spell levels left.
You didn't know any spells.

Dungeon Overview and Level Annotations

Branches:
Dungeon (15/15)            Temple (1/1) D:7          Vaults (0/5) D:13
   Lair: D:8-11         Orc: D:9-12      Depths: D:15

Altars:
Ashenzari
Cheibriados
Dithmenos
Elyvilon
Fedhas
Gozag
Kikubaaqudgha
Makhleb
Nemelex Xobeh
Okawaru
Qazlal
Ru
Sif Muna
Trog
Vehumet
Xom
Yredelemnul
Zin
The Shining One

Shops:
D:7 !


Innate Abilities, Weirdness & Mutations

You reflexively headbutt those who attack you in melee.
You have a pair of horns on your head.
You are agile. (Dex +2)
Your mind is acute. (Int +2)
You occasionally shout uncontrollably at your foes.
You can spit poison.
Your muscles are strong. (Str +2)


Message History

The polar bear is severely wounded.
You are engulfed in freezing vapours.
The polar bear is engulfed in freezing vapours.
You barely miss the polar bear.
The polar bear is almost dead.
You are engulfed in freezing vapours.
The polar bear is engulfed in freezing vapours.
You catch the helpless polar bear completely off-guard!
You thump the polar bear!
You kill the polar bear!
Makhleb accepts your kill.
You feel a little better.
You are engulfed in freezing vapours.
The frost giant points at you and mumbles some strange words.
The bolt of cold hits you!
You are engulfed in freezing vapours.
* * * LOW HITPOINT WARNING * * *
The frost giant gestures at you while chanting.
The bolt of cold hits you!
Ouch! That really hurt!
You die... h.C# Yh.

h.##
§.# #h#
##h#
#C##
#.##
#@.#
##§#
##.#
###.##
##.#.#
#....#
##.#.##
≈
#.###.#
≈≈##.##
.#


You could see a frost giant and 2 polar bears.

Vanquished Creatures
  A vault guard (D:13)
  A minotaur (Lab)
  A hydra (D:12)
  A centaur warrior (D:10)
  A death yak (D:8)
  2 tengu warriors (D:14)
  A hell knight (D:15)
  The ghost of newageoflight the Covert, an experienced SpEn of Dithmenos (IceCv)
  A wolf spider zombie (D:15)
  A harpy (shapeshifter) (D:13)
  A harpy (D:14)
  2 hill giants
  A cyclops (D:13)
  Joseph (D:7)
  2 gargoyles
  A kobold demonologist (D:12)
  A troll (D:13)
  12 polar bears
  2 ravens (D:13)
  A trapdoor spider (D:13)
  2 water elementals
  4 deep elf magi
  A shadow (D:12)
  27 yaks
  A deep elf fighter (D:9)
  A hippogriff (D:13)
  The ghost of FishServ the Spear-Bearer, an average MfGl (D:5)
  A hungry ghost (D:13)
  14 wolves
  A soldier ant (D:13)
  2 mottled dragons
  16 ice beasts
  A water moccasin (D:5)
  A yellow wasp (D:10)
  10 orc warriors
  8 ogres
  A phantom (D:5)
  2 black bears (D:13)
  7 sky beasts
  3 big kobolds
  13 centaurs
  2 wyvern zombies
  4 giant frogs
  2 scorpions
  16 killer bees
  9 wights
  2 centaur zombies
  4 goliath beetles
  15 hounds
  10 crimson imps
  2 giant frog zombies
  7 iguanas
  A yellow wasp zombie (D:9)
  4 jellies
  9 orc priests
  3 giant frog skeletons
  12 orc wizards
  4 centaur skeletons
  2 killer bee zombies (D:10)
  10 worker ants
  A big kobold zombie (D:12)
  A hound skeleton (D:8)
  A mummy (D:13)
  10 adders
  5 gnolls
  6 shadow imps
  A giant mite (D:7)
  4 worms
  An adder skeleton (D:7)
  2 adder zombies
  8 giant geckos
  67 orcs
  2 ball pythons
  A bat zombie (D:6)
  8 giant cockroaches
  16 hobgoblins
  3 jackals
  23 kobolds
  4 quokkas
  A ball python skeleton (D:5)
  16 bats
  A bat simulacrum (D:8)
  A giant gecko skeleton (D:4)
  9 giant newts
  17 goblins
  A jackal skeleton (D:5)
  2 kobold zombies (D:12)
  A quokka skeleton (D:7)
  15 rats
  11 ballistomycetes
509 creatures vanquished.

Vanquished Creatures (others)
  A centaur warrior (D:15)
  3 yaks (IceCv)
  A scorpion (D:12)
  An electric eel (D:8)
  4 giant spores
  2 ballistomycetes (D:13)
12 creatures vanquished.

Grand Total: 521 creatures vanquished

Notes
Turn   | Place    | Note
--------------------------------------------------------------
     0 | D:1      | Minkie, the Minotaur Fighter, began the quest for the Orb.
     0 | D:1      | Reached XP level 1. HP: 19/19 MP: 1/1
    90 | D:1      | Reached skill level 4 in Fighting
   100 | D:1      | Reached XP level 2. HP: 25/27 MP: 1/1
   787 | D:2      | Reached XP level 3. HP: 34/34 MP: 2/2
   989 | D:2      | Reached skill level 5 in Fighting
   992 | D:2      | Reached XP level 4. HP: 37/42 MP: 2/2
  1021 | D:2      | Found a deep blue altar of Sif Muna.
  1076 | D:2      | Found a basalt altar of Yredelemnul.
  2101 | D:3      | Reached XP level 5. HP: 45/48 MP: 2/2
  2382 | D:3      | Reached skill level 5 in Maces & Flails
  2477 | D:4      | Noticed an ogre
  2482 | D:4      | Killed an ogre
  2482 | D:4      | Reached skill level 6 in Fighting
  2482 | D:4      | Reached XP level 6. HP: 52/58 MP: 3/3
  2613 | D:4      | Found a snail-covered altar of Cheibriados.
  2672 | D:4      | Noticed an ogre
  2676 | D:4      | Killed an ogre
  2853 | D:4      | Got a heavily jewelled robe
  2931 | D:4      | Reached skill level 7 in Fighting
  2951 | D:4      | Noticed an ogre
  2982 | D:4      | Killed an ogre
  2982 | D:4      | Reached XP level 7. HP: 50/66 MP: 3/3
  3209 | D:5      | Entered Level 5 of the Dungeon
  3218 | D:5      | Reached skill level 8 in Maces & Flails
  3286 | D:5      | Noticed FishServ's ghost (average MfGl)
  3287 | D:5      | Reached skill level 9 in Maces & Flails
  3310 | D:5      | Killed FishServ's ghost
  3310 | D:5      | Reached XP level 8. HP: 35/73 MP: 3/3
  3599 | D:5      | Gained mutation: Your mind is acute. (Int +2) [mutagenic meat]
  3627 | D:5      | Found a bloodstained altar of Trog.
  3649 | D:5      | Reached skill level 10 in Maces & Flails
  3873 | D:5      | Reached skill level 11 in Maces & Flails
  3880 | D:5      | Found a blossoming altar of Fedhas.
  4360 | D:6      | Got a colourful robe
  4372 | D:6      | Identified the +3 robe of Liberalism {Int+2 Dex+3} (You found it on level 4 of the Dungeon)
  4382 | D:6      | Identified the +2 robe "Rafeom" {Dex+4} (You found it on level 6 of the Dungeon)
  4409 | D:6      | Reached skill level 12 in Maces & Flails
  5002 | D:6      | Reached XP level 9. HP: 71/79 MP: 4/4
  5198 | D:7      | Reached skill level 13 in Maces & Flails
  5220 | D:7      | Noticed Joseph
  5235 | D:7      | Killed Joseph
  5235 | D:7      | Reached skill level 14 in Maces & Flails
  5484 | D:7      | Found Stritwui's Distillery.
  5660 | D:7      | Found a glowing silver altar of Zin.
  5662 | D:7      | Found an opulent altar of Gozag.
  5662 | D:7      | Found a radiant altar of Vehumet.
  5663 | D:7      | Found a bloodstained altar of Trog.
  5663 | D:7      | Found an ancient bone altar of Kikubaaqudgha.
  5664 | D:7      | Found a shadowy altar of Dithmenos.
  5893 | D:7      | Found a staircase to the Ecumenical Temple.
  5899 | Temple   | Entered the Ecumenical Temple
  5928 | Temple   | Became a worshipper of Makhleb the Destroyer
  6256 | D:7      | Reached skill level 15 in Maces & Flails
  6337 | D:7      | Found a shattered altar of Ashenzari.
  6523 | D:8      | Noticed a death yak
  6537 | D:8      | Killed a death yak
  6537 | D:8      | Reached XP level 10. HP: 57/86 MP: 4/4
  6800 | D:8      | Acquired Makhleb's first power
  7017 | D:8      | Reached skill level 16 in Maces & Flails
  7286 | D:8      | Reached skill level 5 in Shields
  7311 | D:8      | Reached skill level 5 in Armour
  7792 | D:8      | Acquired Makhleb's second power
  8409 | D:9      | Acquired Makhleb's third power
  8604 | D:9      | Reached XP level 11. HP: 92/92 MP: 4/4
  8653 | D:10     | Entered Level 10 of the Dungeon
  8791 | D:11     | Acquired Makhleb's fourth power
  9035 | D:10     | Noticed a centaur warrior
  9045 | D:10     | Killed a centaur warrior
  9738 | D:12     | Gained mutation: You occasionally shout uncontrollably at your foes. [mutagenic meat]
  9865 | D:12     | Noticed an eight-headed hydra
  9870 | D:12     | Killed an eight-headed hydra
  9870 | D:12     | Acquired Makhleb's fifth power
  9870 | D:12     | Reached skill level 10 in Armour
  9874 | D:12     | Reached skill level 10 in Shields
  9889 | D:12     | Found a labyrinth entrance.
  9898 | Lab      | Entered a labyrinth
 11279 | Lab      | Noticed a minotaur
 11306 | Lab      | Killed a minotaur
 11316 | Lab      | Got a faintly glowing robe
 11541 | D:12     | Gained mutation: Your muscles are strong. (Str +2) [mutagenic meat]
 11542 | D:12     | Gained mutation: You are agile. (Dex +2) [mutagenic meat]
 12142 | D:13     | Gained mutation: You can spit poison. [potion of beneficial mutation]
 12223 | D:13     | Reached XP level 12. HP: 100/100 MP: 5/5
 12392 | D:13     | Noticed a hill giant
 12399 | D:13     | Killed a hill giant
 12413 | D:13     | Found a sacrificial altar of Ru.
 12563 | D:13     | Identified a +4 rod of inaccuracy (9/9) (You found it in a labyrinth)
 12583 | D:13     | Noticed a vault guard
 12603 | D:13     | Killed a vault guard
 12672 | D:13     | Found a gate to the Vaults.
 12843 | D:14     | Noticed a tengu warrior
 13052 | D:14     | Noticed a tengu warrior
 13078 | D:14     | Killed a tengu warrior
 13095 | D:14     | Killed a tengu warrior
 13217 | D:14     | Reached skill level 15 in Shields
 13238 | D:15     | Entered Level 15 of the Dungeon
 13238 | D:15     | Noticed a centaur warrior
 13249 | D:14     | Reached skill level 1 in Dodging
 13257 | D:15     | Killed a centaur warrior
 13563 | D:15     | Found a frozen archway.
 13608 | IceCv    | Entered an ice cave
 13661 | IceCv    | Got a crystal spear
 14205 | IceCv    | Reached XP level 13. HP: 111/111 MP: 6/6
 14210 | IceCv    | Reached skill level 1 in Evocations
 14215 | IceCv    | Reached skill level 1 in Invocations
 14241 | IceCv    | Reached skill level 5 in Dodging
 14263 | IceCv    | Noticed newageoflight's ghost (experienced SpEn)
 14280 | IceCv    | Killed newageoflight's ghost
 14401 | IceCv    | Noticed a frost giant
 14426 | IceCv    | Killed from afar by a frost giant

Action                   |  1- 3 |  4- 6 |  7- 9 | 10-12 | 13-15 || total
-------------------------+-------+-------+-------+-------+-------++-------
Melee: Flail             |    72 |   158 |   361 |  1049 |    98 ||  1738
Invok: Minor Destruction |       |       |       |     1 |       ||     1
  Use: Scroll            |       |       |     7 |    16 |       ||    23
       Potion            |       |       |       |     4 |       ||     4
 Stab: Fleeing           |       |       |       |       |     1 ||     1
  Eat: Chunk             |       |     7 |    12 |    28 |     1 ||    48
       Beef jerky        |       |       |       |     2 |       ||     2
